 Dungeon Crawl Stone Soup version 0.30.1-9-gdf580d7c3d (webtiles) character file.

Game seed: 11988167029274597964

338 Atelerd the Digger (level 6, -1/36 HPs)
             Began as an Octopode Earth Elementalist on Sept 26, 2023.
             Slain by Grinder (13 damage)
             ... on level 5 of the Dungeon.
             The game lasted 00:04:19 (3979 turns).

Atelerd the Digger (Octopode Earth Elementalist)    Turns: 3979, Time: 00:04:20

Health: -1/36      AC:  3    Str:  7      XL:     6   Next: 55%
Magic:  11/11      EV: 13    Int: 16 (17) God:
Gold:   306        SH:  0    Dex: 15      Spells: 6/11 levels left

rFire   . . .        n - +2 dagger (venom)
rCold   . . .        (no shield)
rNeg    . . .        (helmet restricted)
rPois   +            b - amulet of magic regeneration
rElec   .            (no ring)
rCorr   .            (no ring)
SInv    .            (no ring)
Will    .....        (no ring)
Stlth   +++          (no ring)
HPRegen 0.26/turn    (no ring)
MPRegen 0.52/turn    (no ring)
                     (no ring)

%: no passive effects
@: no status effects
A: almost no armour, amphibious, 8 rings, camouflage 1, gelatinous body 1,
(nimble swimmer 1), tentacles, iridescent scales 1, poison resistance, noise
suppression
a: no special abilities


You were on level 5 of the Dungeon.
You visited 1 branch of the dungeon, and saw 5 of its levels.

You collected 306 gold pieces.

Inventory:

Hand Weapons
 e - a +0 dagger
 n - a +2 dagger of venom (weapon)
Jewellery
 b - an amulet of magic regeneration (around mantle)
Scrolls
 a - a scroll of silence {unknown}
 c - 2 scrolls of noise {unknown}
 d - 2 scrolls of fog {unknown}
 h - 2 scrolls of identify {unknown}
 j - a scroll of brand weapon {unknown}
 k - a scroll of enchant weapon {unknown}
 l - 3 scrolls of teleportation {unknown}
Potions
 f - 2 potions of mutation
 g - a potion of ambrosia {unknown}
 i - 2 potions of degeneration
 m - a potion of lignification {unknown}
 o - 2 potions of curing
 p - a potion of attraction {unknown}


   Skills:
 - Level 2.0 Dodging
 - Level 2.6 Stealth
 - Level 0.2 Unarmed Combat
 + Level 3.4 Spellcasting
 - Level 4.0 Transmutations
 + Level 4.8 Earth Magic


You had 6 spell levels left.
You knew the following spells:

 Your Spells              Type           Power      Damage    Failure   Level
a - Sandblast             Erth           36%        2d10      2%          1
p - Petrify               Tmut/Erth      17%        N/A       28%         4

Your spell library contained the following spells:

 Spells                   Type           Power      Damage    Failure   Level
 Passwall                 Tmut/Erth      14%        N/A       4%          2
 Magic Dart               Conj           8%         1d3       19%         1
 Stone Arrow              Conj/Erth      20%        3d8       21%         3
 Blink                    Tloc           4%         N/A       26%         2
 Cigotuvi's Dreadful Rot  Necr/Pois/Air  4%         N/A       26%         2
 Lesser Beckoning         Tloc           4%         N/A       26%         2
 Momentum Strike          Conj/Tloc      4%         3d8       26%         2
 Searing Ray              Conj           4%         2d4       26%         2
 Dazzling Flash           Conj/Hex       4%         N/A       47%         3
 Hailstorm                Conj/Ice       2%         3d3       47%         3
 Volatile Blastmotes      Fire/Tloc      4%         2d10      47%         3
 Ice Form                 Ice/Tmut       9%         N/A       61%         4
 Dispel Undead            Necr           2%         3d7       87%         4
 Fulminant Prism          Conj/Hex       1%         3d5       87%         4
 Iskenderun's Mystic Bla  Conj/Tloc      2%         2d3       87%         4
 Death Channel            Necr           1%         N/A       100%        6
 Simulacrum               Ice/Necr       1%         N/A       100%        6
 Starburst                Conj/Fire      1%         6d3       100%        6


Dungeon Overview and Level Annotations

Branches:
Dungeon (5/15)             Temple (0/1) D:4

Altars:
Nemelex Xobeh

Annotations:
D:2 exclusion: downstairs
D:3 1 runed translucent door, Crazy Yiuf
D:4 1 runed translucent door, mihai's ghost, amateur DjCj
D:5 Grinder


Innate Abilities, Weirdness & Mutations

You cannot wear most types of armour.
You are amphibious.
You can wear up to eight rings at the same time.
Your skin changes colour to match your surroundings (Stealth+).
Your rubbery body absorbs attacks. (AC +1, EV +1)
((You are camouflaged when in or above water. (Stealth+)))
You have tentacles for arms and can constrict up to eight enemies at once.
You are partially covered in iridescent scales. (AC +2)
Your system is resistant to poisons. (rPois)
You passively dampen the noise of your surroundings.


Message History

You resist with significant effort.
Grinder is nearby!
You can't see any susceptible monsters within range! (Use Z to cast anyway.) Grinder is nearby!
Grinder is nearby!
The blast of sand hits Grinder!
Grinder is moderately wounded.
Grinder drinks a potion.
Grinder seems to grow stronger.
The blast of sand hits Grinder!
Grinder is heavily wounded.
Grinder closely misses you. Grinder hits you!
The blast of sand hits Grinder.
Grinder is severely wounded.
Grinder gestures at you.
You suddenly lose the ability to move!
Grinder hits you.
You can move again.
Casting: Sandblast (safe; 2% risk of failure)
Confirm with . or Enter, or press ? or * to list all spells.
Aiming: Sandblast (safe; 2% risk of failure)
Press: ? - help, Shift-Dir - straight line, f/p - Grinder
Aim: Grinder (severely wounded, strong, 80% to hit)
The blast of sand hits Grinder.
Grinder is severely wounded.
Grinder hits you.
You writhe in agony.
Grinder hits you!
* * * LOW HITPOINT WARNING * * *
You writhe in agony.
* * * LOW HITPOINT WARNING * * *
Casting: Sandblast (safe; 2% risk of failure)
Confirm with . or Enter, or press ? or * to list all spells.
Aiming: Sandblast (safe; 2% risk of failure)
Press: ? - help, Shift-Dir - straight line, f/p - Grinder
Aim: Grinder (severely wounded, strong, 80% to hit)
The blast of sand hits Grinder but does no damage.
Grinder is severely wounded.
Grinder says, "You look like you could use a good racking."
Grinder hits you but does no damage.
Unknown command.
You feel better. Grinder hits you!
You die...

... #. #.# #.##.#
....# #.#.#
#.#.#####..
#..5......# #..@#
#.#####.#.#
#.........#
##..#..### #. #..#
♣ #..# #..#
≈≈≈≈≈≈≈.♣#..#######
..≈≈≈..≈♣..........


You could see Grinder (strong).

Vanquished Creatures
  An ogre (D:5)
  An orc priest (D:3)
  Terence (D:3)
  An orc wizard (D:3)
  5 adders
  5 worms
  2 dart slugs
  9 orcs
  10 bats
  7 endoplasms
  3 giant cockroaches
  11 goblins
  5 hobgoblins
  7 jackals (D:2)
  7 kobolds
  4 quokkas
  6 ball pythons
  3 frilled lizards
  9 rats
97 creatures vanquished.

Notes
Turn   | Place    | Note
-------+----------+-------------------------------------------
     0 | D:1      | Atelerd the Octopode Earth Elementalist began the quest for
                  | the Orb.
     0 | D:1      | Reached XP level 1. HP: 11/11 MP: 3/3
   104 | D:1      | Reached XP level 2. HP: 17/17 MP: 3/5
   595 | D:1      | Reached XP level 3. HP: 21/21 MP: 2/6
   700 | D:1      | Found a faded altar of an unknown god.
  1313 | D:2      | Reached XP level 4. HP: 27/27 MP: 5/7
  2158 | D:3      | Gained mutation: You are occasionally teleported next to
                  | monsters. [potion of mutation]
  2158 | D:3      | Gained mutation: You have hidden genetic potential. [potion
                  | of mutation]
  2158 | D:3      | Lost mutation: You are occasionally teleported next to
                  | monsters. [potion of mutation]
  2158 | D:3      | Gained mutation: You are partially covered in iridescent
                  | scales. (AC +2) [potion of mutation]
  2158 | D:3      | HP: 1/27 [orc/+0 dagger (1)]
  2349 | D:3      | Noticed Terence
  2355 | D:3      | Killed Terence
  2356 | D:3      | Reached XP level 5. HP: 26/31 MP: 3/9
  2674 | D:3      | Gained mutation: You passively dampen the noise of your
                  | surroundings. [hidden potential]
  2895 | D:3      | Learned a level 4 spell: Petrify
  2925 | D:3      | Found a runed translucent door.
  2926 | D:3      | Noticed Crazy Yiuf
  3264 | D:4      | Found a staircase to the Ecumenical Temple.
  3310 | D:4      | Found a runed translucent door.
  3311 | D:4      | Noticed mihai's ghost (amateur DjCj)
  3385 | D:4      | Reached XP level 6. HP: 33/36 MP: 8/10
  3904 | D:5      | Entered Level 5 of the Dungeon
  3920 | D:5      | Found a sparkling altar of Nemelex Xobeh.
  3947 | D:5      | Gained mutation: Your system is resistant to poisons.
                  | (rPois) [hidden potential]
  3947 | D:5      | Lost mutation: You have hidden genetic potential. [hidden
                  | potential expressed]
  3968 | D:5      | Noticed Grinder
  3975 | D:5      | Paralysed by Grinder for 2 turns
  3979 | D:5      | Slain by Grinder

Illustrated notes

Levels and vault maps discovered:
D:1:      matt_arrival_diagonals, layout_basic,
          shapermc_ecumenical_altar_pompeii, minivault_14
D:2:      layout_rooms, minmay_misc_feat_rugged
D:3:      layout_basic, uniq_terence, uniq_crazy_yiuf_cottage
D:4:      layout_loops_ring, minmay_temple_entry_glass,
          ebering_ghost_reflecting_pool
D:5:      layout_loops_ring, mainiacjoe_overflow_alcove_2,
          mainiacjoe_overflow_paths, serial_shops, shop, uniq_blork_the_orc,
          uniq_pikel, uniq_grinder

Skill      XL: |  1  2  3  4  5  6 |
---------------+-------------------+-----
Earth Magic    | 4 |  4.8
Transmutations | 2 3 4 |  4.0
Spellcasting   | 3 |  3.4
Dodging        | |  2.0
Stealth        | |  2.6
Unarmed Combat | |  0.2

Action                     |  1- 3 |  4- 6 || total
---------------------------+-------+-------++-------
  Melee: Unarmed           |    11 |       ||    11
         Tentacles         |     5 |     6 ||    11
         Constrict         |     3 |     4 ||     7
         Dagger            |     4 |    23 ||    27
   Cast: Sandblast         |    45 |   104 ||   149
    Use: Potion            |       |     7 ||     7
   Stab: Sleeping          |     2 |       ||     2
 Armour: Skin              |     3 |    10 ||    13
  Dodge: Dodged            |    17 |    51 ||    68
